 Dungeon Crawl Stone Soup version 0.31.0-32-g396128a36d (webtiles) character file.

Game seed: 18009004560390858760

151 Silvore the Covered (level 5, -2/47 HPs)
             Began as a Minotaur Fighter on Apr 18, 2024.
             Slain by a rat (3 damage)
             ... in a sewer on Apr 22, 2024.
             The game lasted 00:04:15 (1923 turns).

Silvore the Covered (Minotaur Fighter)              Turns: 1923, Time: 00:04:15

Health: -2/47      AC:  3    Str: 22    XL:     5   Next: 10%
Magic:  4/4        EV:  9    Int:  5    God:
Gold:   204        SH:  4    Dex: 10    Spells: 4/4 levels left

rFire   . . .        a - +0 flail
rCold   . . .        c - +0 buckler
rNeg    . . .        b - +0 scale mail
rPois   .            (helmet restricted)
rElec   .            (no cloak)
rCorr   .            (no gloves)
SInv    .            (no boots)
Will    .....        (no amulet) Stlth
                     (no ring)
HPRegen 0.27/turn    (no ring)
MPRegen 0.09/turn

%: no passive effects
@: mighty, lethally poisoned (-2 -> -6), corroded
A: horns 2, retaliatory headbutt
a: no special abilities


You were in a sewer.
You visited 1 branch of the dungeon, and saw 3 of its levels.
You also visited: Sewer.

You collected 204 gold pieces.

Inventory:

Hand Weapons
 a - a +0 flail (weapon)
Armour
 b - a +0 scale mail (worn)
 c - a +0 buckler (worn)
Jewellery
 g - a ring of fire
Scrolls
 e - 4 scrolls of identify


   Skills:
 + Level 4.4 Fighting
 + Level 4.0 Maces & Flails
 + Level 5.0 Armour
 + Level 0.7 Dodging
 + Level 4.2 Shields


You had 4 spell levels left.
You didn't know any spells.
Your spell library contained the following spells:

 Spells                   Type           Power      Damage    Failure   Level
 Magic Dart               Conj           0%         1d3       85%         1
 Shock                    Conj/Air       0%         1d3       85%         1
 Blink                    Tloc           0%         N/A       94%         2
 Call Imp                 Summ           0%         N/A       94%         2
 Lesser Beckoning         Tloc           0%         N/A       94%         2
 Gell's Gravitas          Tloc           0%         N/A       99%         3
 Swiftness                Air            0%         N/A       99%         3
 Teleport Other           Tloc           0%         N/A       99%         3
 Airstrike                Air            0%         2d(0-16)  100%        4
 Alistair's Intoxication  Alch           0%         N/A       100%        5
 Borgnjor's Vile Clutch   Necr/Erth      0%         N/A       100%        5
 Eringya's Noxious Bog    Alch           0%         4d6       100%        6


Dungeon Overview and Level Annotations

Branches:
Dungeon (3/15)              Sewer (1/1)

Altars:
Qazlal


Innate Abilities, Weirdness & Mutations

You have a pair of horns on your head.
You reflexively headbutt those who attack you in melee.


Message History

The jelly hits you but does no damage.
A frilled lizard comes into view.
The frilled lizard closely misses you. You furiously retaliate!
You headbutt the frilled lizard.
You kill the frilled lizard!
You closely miss the adder.
The adder is heavily wounded.
The frilled lizard hisses angrily.
The adder completely misses you. The jelly barely misses you.
You furiously retaliate!
You headbutt the jelly.
Unknown command.
You miss the adder. Your headbutt misses the adder.
The adder is heavily wounded.
The adder bites you.
A giant cockroach comes into view.
You block the adder's attack. The jelly misses you.
The rat splashes around in the water.
You miss the adder. Your headbutt misses the adder.
The adder is heavily wounded.
The adder bites you but does no damage.
The rat twitches its whiskers.
The jelly barely misses you.
The rat splashes around in the water.
The rat bites you but does no damage. The adder bites you.
You are poisoned.
The adder poisons you!
You closely miss the adder.
The adder is heavily wounded.
You feel sick. The jelly hits you.
* * * LOW HITPOINT WARNING * * *
You are splashed with acid!
* * * LOW HITPOINT WARNING * * *
The adder barely misses you.
The rat splashes around in the water.
You block the rat's attack.
Unknown command.
You feel very mighty all of a sudden.
You feel sick. The adder bites you.
* * * LOW HITPOINT WARNING * * *
You are more poisoned.
The adder poisons you! The jelly closely misses you. The rat bites you.
You die...

###########
####.~~.~.....
##.~~~..~.~~.~.
#...~.#########
# ##~~†### #
#~. ##~.~##
#~..###~~~~#
#...r@~..##
##~.JSr.##
########
#~.~rlr~##
#..~..~.
~~.~..~~~#
#~.††..~
~..B.~#.~.
#..#####
~##~.~##...
#.~# #..~~ ##.~
#..# #..#. ..~
#.~#####
#~..~~..


You could see a jelly, an adder, a giant cockroach, a frilled lizard and 4 rats.

Vanquished Creatures
  A gnoll (D:1)
  3 adders
  A river rat (D:3)
  5 ribbon worms
  2 dart slugs
  4 orcs (D:3)
  4 bats
  11 endoplasms
  5 giant cockroaches
  10 goblins
  7 hobgoblins
  2 jackals (D:1)
  3 kobolds
  3 quokkas
  5 ball pythons (D:1)
  4 frilled lizards
  9 rats
79 creatures vanquished.

Notes
Turn   | Place    | Note
-------+----------+-------------------------------------------
     0 | D:1      | Silvore the Minotaur Fighter began the quest for the Orb.
     0 | D:1      | Reached XP level 1. HP: 19/19 MP: 0/0
    20 | D:1      | HP: 1/20 [frozen (5)]
   122 | D:1      | Found a faded altar of an unknown god.
   164 | D:1      | Reached XP level 2. HP: 27/27 MP: 1/1
   198 | D:1      | Reached skill level 4 in Armour
   277 | D:1      | Reached XP level 3. HP: 17/33 MP: 2/2
   816 | D:2      | Reached XP level 4. HP: 41/41 MP: 3/3
  1665 | D:3      | Found a stormy altar of Qazlal.
  1766 | D:3      | Found a glowing drain.
  1776 | D:3      | Reached skill level 5 in Armour
  1785 | Sewer    | Entered a sewer
  1846 | Sewer    | Reached XP level 5. HP: 44/47 MP: 4/4
  1923 | Sewer    | HP: 1/47 [adder (2)]
  1923 | Sewer    | Slain by a rat

Illustrated notes

Levels and vault maps discovered:
D:1:      lightli_arrival_statue_moat, layout_basic,
          hellmonk_ecumenical_altar_pennies_from_heaven
D:2:      layout_basic
D:3:      layout_basic, chei_slow_surprise, mainiacjoe_overflow_two_lobes,
          gup_sewer_entry_bubbles
Sewer:    sewer_hellmonk_slimy_pipes

Skill      XL: |  1  2  3  4  5 |
---------------+----------------+-----
Armour         | 4 5 |  5.0
Fighting       | 4 |  4.4
Shields        | 4 |  4.2
Maces & Flails | 3 4 |  4.0
Dodging        | |  0.7

Action                     |  1- 3 |  4- 6 || total
---------------------------+-------+-------++-------
  Melee: Flail             |    91 |    85 ||   176
         Headbutt          |    14 |    18 ||    32
    Use: Scroll            |     2 |     2 ||     4
         Potion            |       |     1 ||     1
 Armour: Scale mail        |    82 |    61 ||   143
  Dodge: Dodged            |    49 |    48 ||    97
  Block: Buckler           |    20 |    19 ||    39
